 Dungeon Crawl Stone Soup version 0.19.5 (webtiles) character file.

99 empire the Skirmisher (level 4, 0/40 HPs)
             Began as a Draconian Monk on Mar 7, 2017.
             Succumbed to an adder's poison
             ... on level 2 of the Dungeon.
             The game lasted 00:03:15 (1848 turns).

empire the Skirmisher (Draconian Monk)              Turns: 1848, Time: 00:03:16

Health: 0/40       AC:  5    Str: 13    XL:     4   Next: 45%
Magic:  0/6        EV: 13    Int: 11    God:
Gold:   92         SH:  0    Dex: 14    Spells: 0 memorised, 6 levels left

rFire  . . .     SeeInvis .     a - +0 long sword
rCold  . . .     Gourm    .     (armour unavailable)
rNeg   . . .     Faith    .     (no shield)
rPois  .         Spirit   +     (helmet restricted)
rElec  .         Reflect  .     (no cloak)
rCorr  .         Harm     .     (no gloves)
MR     .....                    (no boots)
Stlth  ++........               c - amulet of guardian spirit
                                (no ring)
                                (no ring)

@: lethally poisoned (0 -> -3)
A: unfitting armour, cold-blooded, AC +5
a: no special abilities


You were on level 2 of the Dungeon.
You were not hungry.

You visited 1 branch of the dungeon, and saw 2 of its levels.

You collected 92 gold pieces.

Inventory:

Hand Weapons
 a - a +0 long sword (weapon)
Jewellery
 c - an amulet of guardian spirit (around neck)
Scrolls
 d - a scroll of noise {unknown}
 e - a scroll of remove curse {unknown}
 f - a scroll of identify {unknown}
Comestibles
 b - 2 bread rations


   Skills:
 + Level 4.0 Fighting
 + Level 3.6 Long Blades
 + Level 3.4 Dodging
 - Level 1.7 Stealth
 + Level 1.5 Spellcasting


You had 6 spell levels left.
You didn't know any spells.

Dungeon Overview and Level Annotations

Branches:
Dungeon (2/15)

Altars:
Uskayaw


Innate Abilities, Weirdness & Mutations

Your plain brown scales are hard. (AC +5)
You cannot fit into any form of body armour.
You are cold-blooded and may be slowed by cold attacks.


Message History

The adder bites you but does no damage. The gnoll misses you.
You hit the adder.
The adder is almost dead.
The adder closely misses you.
The gnoll hits you from afar with a halberd.
* * * LOW HITPOINT WARNING * * *
The adder bites you.
* * * LOW HITPOINT WARNING * * *
The gnoll hits you!
* * * LOW HITPOINT WARNING * * *
You aren't carrying any potions.
You feel sick. The gnoll closely misses you.
The gnoll hits you but does no damage. The adder bites you but does no damage.
You feel sick. The adder bites you.
* * * LOW HITPOINT WARNING * * *
You are lethally poisoned!
The adder poisons you!
You see here a bread ration.
b - 2 bread rations (gained 1)
You die...

##.(....# ...
.....#(..# ##.#
.....#.).# #..#
.#.......# #..#
...##....###..#
<## #......g..#
#
#....##†..####
##.......gg..##
##..###..#S@.#
##.# #..#...#
#.# #..#####
#.. #..# ##
#..# ...# #..
###


You could see 3 gnolls and an adder.

Vanquished Creatures
  Jessica (D:2)
  2 adders (D:2)
  2 worms (D:2)
  4 dart slugs
  5 bats
  A giant cockroach (D:2)
  4 goblins
  6 hobgoblins
  A quokka (D:2)
  5 frilled lizards
  4 kobolds (D:2)
  11 rats
46 creatures vanquished.

Notes
Turn   | Place    | Note
-------+----------+-------------------------------------------
     0 | D:1      | empire the Draconian Monk began the quest for the Orb.
     0 | D:1      | Reached XP level 1. HP: 19/19 MP: 1/1
   133 | D:1      | Reached XP level 2. HP: 12/26 MP: 2/2
   929 | D:2      | Noticed a hand axe
   931 | D:2      | Found a hide-covered altar of Uskayaw.
   931 | D:2      | Noticed a dagger
   947 | D:2      | Reached XP level 3. HP: 33/33 MP: 2/4
  1254 | D:2      | Reached skill level 1 in Spellcasting
  1369 | D:2      | Noticed Jessica
  1381 | D:2      | Killed Jessica
  1381 | D:2      | Reached XP level 4. HP: 24/40 MP: 1/6
  1744 | D:2      | Reached skill level 4 in Fighting
  1846 | D:2      | HP: 2/40 [poisoned by an adder]
  1848 | D:2      | Succumbed to an adder's poison

Skill      XL: |  1  2  3  4 |
---------------+-------------+-----
Dodging        | 3 |  3.4
Spellcasting   | 1 |  1.5
Fighting       | 4 |  4.0
Long Blades    | |  3.6
Stealth        | |  1.7

Action                   |  1- 3 |  4- 6 || total
-------------------------+-------+-------++-------
Melee: Falchion          |    72 |       ||    72
       Tailslap          |     9 |    10 ||    19
       Long sword        |    19 |    50 ||    69
  Use: Potion            |       |     1 ||     1
 Stab: Sleeping          |     4 |     1 ||     5
  Eat: Chunk             |     2 |     1 ||     3
Armor: Skin              |    16 |    16 ||    32
Dodge: Dodged            |    47 |    60 ||   107
       Rpst.: Falchion   |    10 |       ||    10
       Long sword        |       |    16 ||    16
